 Dungeon Crawl Stone Soup version 0.30-a0-739-gea05faddec (webtiles) character file.

Game seed: 14231942411522732146

3286 Delarado the Grappler (level 10, -2/68 HPs)
             Began as an Octopode Fighter on Jan 25, 2023.
             Was a Follower of Okawaru.
             Slain by a troll (13 damage)
             ... on level 9 of the Dungeon on Feb 4, 2023.
             The game lasted 00:36:40 (9844 turns).

Delarado the Grappler (Octopode Fighter)            Turns: 9844, Time: 00:36:41

Health: -2/68      AC:  1    Str: 21    XL:     10   Next: 1%
Magic:  10/10      EV: 14    Int: 10    God:    Okawaru [*.....]
Gold:   420        SH:  9    Dex: 11    Spells: 3/9 levels left

rFire   . . .      SeeInvis .      - Unarmed
rCold   . . .      Faith    .    a - +0 buckler
rNeg    . . .      Spirit   .    (helmet restricted)
rPois   .          Reflect  +    j - amulet of reflection
rElec   .          Harm     .    r - ring of flight
rCorr   .          Rampage  .    F - ring of wizardry
Will    .....                    (no ring)
Stlth   ++                       (no ring)
HPRegen 0.31/turn                (no ring)
MPRegen 0.12/turn                (no ring)
                                 (no ring)
                                 (no ring)

@: flying
A: almost no armour, amphibious, 8 rings, camouflage 1, gelatinous body 1,
(nimble swimmer 1), tentacles
a: Renounce Religion, Heroism


You were on level 9 of the Dungeon.
You worshipped Okawaru.
Okawaru was aware of your devotion.
You visited 2 branches of the dungeon, and saw 10 of its levels.

You collected 552 gold pieces.
You spent 132 gold pieces at shops.

Inventory:

Missiles
 c - 54 stones (quivered)
 e - 2 boomerangs of dispersal
 o - 8 boomerangs
 y - 10 poisoned darts
Armour
 a - a +0 buckler (worn)
Jewellery
 f - an amulet of regeneration
 j - an amulet of reflection (around mantle)
 r - a ring of flight (left tentacle)
 B - an amulet of guardian spirit
 F - a ring of wizardry (right tentacle)
Wands
 I - a wand of quicksilver (13)
Scrolls
 h - 3 scrolls of amnesia
 i - 2 scrolls of magic mapping
 l - a scroll of enchant weapon
 m - 2 scrolls of blinking
 s - a scroll of teleportation
 u - a scroll of fog
 v - 2 scrolls of enchant armour
 w - a scroll of fear
 x - a scroll of brand weapon
 C - a scroll of silence
 D - a scroll of immolation {unknown}
 H - 3 scrolls of poison {unknown}
Potions
 b - 3 potions of might
 d - 3 potions of lignification
 g - a potion of resistance
 k - a potion of degeneration
 n - 3 potions of brilliance
 p - 2 potions of haste
 q - 4 potions of curing
 z - 2 potions of flight
 A - a potion of magic
 E - a potion of heal wounds {unknown}
 G - 2 potions of ambrosia {unknown}
 J - a potion of invisibility


   Skills:
 + Level 5.7 Fighting
 + Level 5.8 Dodging
 - Level 3.0 Shields
 + Level 12.0 Unarmed Combat


You had 3 spell levels left.
You knew the following spells:

 Your Spells              Type           Power      Damage    Failure   Level
a - Statue Form           Tmut/Erth      0%         N/A       100%        6

Your spell library contained the following spells:

 Spells                   Type           Power      Damage    Failure   Level
 Freeze                   Ice            0%         1d3       21%         1
 Frozen Ramparts          Ice            0%         1d1       50%         3
 Hailstorm                Conj/Ice       0%         3d3       50%         3
 Inner Flame              Hex/Fire       0%         N/A       50%         3
 Flame Wave               Conj/Fire      0%         2d4       86%         4
 Petrify                  Tmut/Erth      0%         N/A       86%         4
 Sticky Flame             Conj/Fire      0%         2d3       86%         4
 Metabolic Englaciation   Hex/Ice        0%         N/A       99%         5


Dungeon Overview and Level Annotations

Branches:
Dungeon (9/15)             Temple (1/1) D:7
   Lair: D:8-11         Orc: D:9-12

Altars:
Ashenzari
Cheibriados
Dithmenos
Elyvilon
Fedhas
Gozag
Hepliaklqana
Kikubaaqudgha
Makhleb
Nemelex Xobeh
Okawaru
Qazlal
Ru
Sif Muna
Trog
Uskayaw
Vehumet
Wu Jian
Xom
Yredelemnul
Zin

Shops:
D:3 ?   D:6 *

Annotations:
D:7 2 transporters, 1 runed translucent door, Crazy Yiuf; TimeIsEndless's ghost, novice VSBr


Innate Abilities, Weirdness & Mutations

You cannot wear most types of armour.
You are amphibious.
You can wear up to eight rings at the same time.
Your skin changes colour to match your surroundings (Stealth+).
Your rubbery body absorbs attacks. (AC +1, EV +1)
((You are camouflaged when in or above water. (Stealth+)))
You have tentacles for arms and can constrict up to eight enemies at once.


Message History

You tentacle-slap the troll but do no damage.
You tentacle-slap the troll, but do no damage.
The troll closely misses you. x2; The troll claws you!
You barely miss the troll. The troll closely misses you. The troll claws you!
The troll claws you.
You barely miss the troll.
You tentacle-slap the troll but do no damage.
The troll misses you. The troll barely misses you. x2
You closely miss the troll. You squeeze the troll.
The troll is lightly wounded.
The troll misses you. The troll closely misses you.
The troll completely misses you.
You tentacle-slap the troll.
The troll is lightly wounded.
The troll misses you. You block the troll's attack. x2
You bludgeon the troll! You squeeze the troll.
The troll is heavily wounded.
The troll closely misses you. The troll claws you. The troll barely misses you.
You barely miss the troll. You squeeze the troll!
The troll is severely wounded.
You closely miss the troll.
The troll is severely wounded.
The troll completely misses you. You block the troll's attack.
The troll claws you.
You bludgeon the troll!
The troll is almost dead.
The troll completely misses you. The troll claws you! The troll claws you.
You tentacle-slap the troll. Your squeeze misses the troll.
The troll is almost dead.
You block the troll's attack. The troll closely misses you.
The troll claws you but does no damage.
You tentacle-slap the troll but do no damage.
The troll is almost dead.
The troll bites you!
* * * LOW HITPOINT WARNING * * *
The troll claws you but does no damage. You block the troll's attack.
You closely miss the troll. Your squeeze misses the troll.
The troll is almost dead.
The troll bites you!
You die...

....# #..# #$..#
....# #..# #...#
.. ....# #..#
#...#####.. ....#
#..#####..........
....#
#.................
....#
#.........<.......
....#
#.................
....#
#..######.........
....# #..#
#.@....... ....#
#..# #..T......
....# #..#
#......... ....#
#..# #.........
....# #..#
#......... ....#
#..# #.........
....###..#
#.........
......#..#
#.........
...._....#


You could see a troll.

Vanquished Creatures
  A shadow (D:9)
  A steam dragon (D:7)
  2 water moccasins
  2 orc warriors
  3 black bears
  A sky beast (D:8)
  2 ice beasts (D:6)
  A centaur (D:8)
  3 bullfrogs
  5 necrophages (D:4)
  7 wights
  6 howler monkeys
  A human zombie (D:4)
  5 orc priests
  A gnoll bouda (D:8)
  2 hounds
  Jessica (D:2)
  5 iguanas
  A scorpion zombie (D:4)
  8 orc wizards
  2 mummies (D:4)
  A howler monkey zombie (D:4)
  5 gnolls
  4 adders
  A white imp (D:5)
  2 ufetubi
  2 adder zombies (D:4)
  2 worms (D:3)
  A dart slug (D:2)
  22 orcs
  4 ball pythons
  5 endoplasms
  2 giant cockroaches (D:1)
  7 goblins
  6 hobgoblins
  4 jackals
  6 quokkas
  7 bats
  3 frilled lizards
  7 kobolds
  4 rats
155 creatures vanquished.

Notes
Turn   | Place    | Note
-------+----------+-------------------------------------------
     0 | D:1      | Delarado the Octopode Fighter began the quest for the Orb.
     0 | D:1      | Reached XP level 1. HP: 16/16 MP: 1/1
   156 | D:1      | Reached XP level 2. HP: 21/21 MP: 2/2
   294 | D:1      | Reached skill level 3 in Unarmed Combat
   670 | D:1      | Reached XP level 3. HP: 26/26 MP: 3/3
  1236 | D:2      | Noticed Jessica
  1342 | D:2      | Identified the +4 sling "Qezeh" {heavy, rPois Str-2 Int-3
                  | SInv}
  1650 | D:2      | Reached skill level 4 in Unarmed Combat
  2055 | D:3      | Reached XP level 4. HP: 19/31 MP: 4/4
  2197 | D:3      | Found a broken altar of Ashenzari.
  2544 | D:3      | Found Ikhlud's Magic Scroll Shoppe.
  2557 | D:3      | Bought a scroll of teleportation for 36 gold pieces
  2557 | D:3      | Bought a scroll of identify for 24 gold pieces
  2557 | D:3      | Bought a scroll of identify for 24 gold pieces
  2557 | D:3      | Bought a scroll of fog for 48 gold pieces
  2601 | D:3      | Found a faded altar of an unknown god.
  2980 | D:4      | Found an ornate altar of the Wu Jian Council.
  3158 | D:4      | Reached skill level 5 in Unarmed Combat
  3158 | D:4      | Reached XP level 5. HP: 30/36 MP: 5/5
  3278 | D:4      | Reached skill level 6 in Unarmed Combat
  3328 | D:4      | Reached XP level 6. HP: 34/42 MP: 6/6
  3380 | D:4      | Reached skill level 7 in Unarmed Combat
  3387 | D:4      | Reached XP level 7. HP: 39/46 MP: 7/7
  3421 | D:4      | Found a basalt altar of Yredelemnul.
  3505 | D:4      | Reached skill level 8 in Unarmed Combat
  3705 | D:4      | Found a shadowy altar of Dithmenos.
  3885 | D:5      | Entered Level 5 of the Dungeon
  4302 | D:5      | HP: 1/46 [orc warrior/bolt (16)]
  4608 | D:5      | Reached skill level 9 in Unarmed Combat
  4608 | D:5      | Reached XP level 8. HP: 52/52 MP: 8/8
  5012 | D:5      | Reached skill level 10 in Unarmed Combat
  5139 | D:5      | You fall into a shaft and drop 1 floor!
  5245 | D:5      | Identified the +1 dagger of Segg {elec, Fragile rPois rF+
                  | Str+3}
  5307 | D:5      | Found a glowing silver altar of Zin.
  5780 | D:6      | Reached skill level 11 in Unarmed Combat
  6021 | D:6      | Reached XP level 9. HP: 57/57 MP: 9/9
  6428 | D:6      | Found Vitwoyto's General Store.
  7185 | D:7      | Found a transporter.
  7287 | D:7      | Found a transporter.
  7287 | D:7      | Noticed a two-headed ogre
  7290 | D:7      | Noticed TimeIsEndless's ghost (novice VSBr)
  7306 | D:7      | Found a staircase to the Ecumenical Temple.
  7615 | D:7      | Learned a level 6 spell: Statue Form
  7879 | D:7      | Found an iron altar of Okawaru.
  7932 | D:7      | Found a runed translucent door.
  7933 | D:7      | Noticed Crazy Yiuf
  8301 | Temple   | Entered the Ecumenical Temple
  8373 | D:7      | Became a worshipper of Warmaster Okawaru
  8862 | D:8      | Reached skill level 5 in Fighting
  8862 | D:8      | Reached skill level 5 in Dodging
  9037 | D:9      | Found a shimmering altar of Xom.
  9214 | D:8      | Reached * piety under Okawaru
  9438 | D:8      | Upgraded the game from 0.30-a0-718-geaa24f58ff to
                  | 0.30-a0-739-gea05faddec
  9602 | D:2      | Killed Jessica
  9766 | D:9      | Reached skill level 12 in Unarmed Combat
  9766 | D:9      | Reached XP level 10. HP: 68/68 MP: 10/10
  9844 | D:9      | Slain by a troll

Illustrated notes

Levels and vault maps discovered:
D:1:      zelgadis_glass_arrival_small, layout_basic
D:2:      layout_loops_cross, uniq_jessica
D:3:      layout_basic, ashenzari_altar_1, ebering_ecumenical_altar_hall,
          serial_shops, nicolae_diamond_shop
D:4:      layout_loops_ring, lemuel_mausoleum_altar_yredelemnul,
          mainiacjoe_overflow_alcove_2, nicolae_wu_jian_immortal_techniques
D:5:      layout_basic, lemuel_crystal_altar
D:6:      layout_layer_cave, serial_shops, nicolae_shop_trees,
          minmay_increasing_density
D:7:      layout_basic, mainiacjoe_overflow_tiny_flanked,
          minmay_temple_entry_statues, gammafunk_ghost_smash,
          uniq_crazy_yiuf_cottage
D:8:      layout_cave_pools
D:9:      layout_long_grid, hangedman_feature_mirror, uniq_maurice,
          uniq_gastronok
Temple:   nicolae_temple_no_exploring_needed

Skill      XL: |  1  2  3  4  5  6  7  8  9 |
---------------+----------------------------+-----
Unarmed Combat | 3 4 5 6 7 9 11 12 | 12.0
Fighting       | 5 |  5.7
Dodging        | 5 |  5.8
Shields        | |  3.0

Action                     |  1- 3 |  4- 6 |  7- 9 | 10-12 || total
---------------------------+-------+-------+-------+-------++-------
  Melee: Unarmed           |    74 |    84 |   211 |    13 ||   382
         Constrict         |    21 |    22 |    32 |       ||    75
         Tentacles         |     9 |    24 |    38 |     3 ||    74
         Punch             |       |     5 |    17 |     1 ||    23
  Throw: Stone             |     7 |     2 |    42 |       ||    51
         Dart              |    21 |    34 |    17 |       ||    72
         Boomerang         |     1 |       |    10 |       ||    11
  Evoke: Wand              |       |       |    25 |       ||    25
    Use: Scroll            |     4 |     2 |     9 |       ||    15
         Potion            |     3 |       |     6 |       ||     9
   Stab: Sleeping          |     2 |     3 |     6 |       ||    11
 Armour: Skin              |     7 |       |     7 |     2 ||    16
  Dodge: Dodged            |    40 |    22 |    74 |    15 ||   151
  Block: Buckler           |    18 |    24 |    71 |     5 ||   118
         Reflection        |     2 |     1 |     9 |       ||    12

Table legend: (Time is in decaauts)
 A = Elapsed time spent in this place.
 B = Non-inter-level travel time spent in this place.
 C = Inter-level travel time spent in this place.
 D = Time resting spent in this place.
 E = Time spent auto-exploring this place.
 F = Levels seen in this place.
 G = Mean time per level.
                   A        B        C        D        E       F      G
               +--------+--------+--------+--------+--------+-----+--------+
         Total |   9786 |   9118 |    668 |   1895 |   5322 |  10 |  978.6 |
       Dungeon |   9784 |   9117 |    667 |   1895 |   5322 |   9 | 1087.1 |
        Temple |      1 |      0 |      1 |      0 |      0 |   1 |    1.0 |
               +--------+--------+--------+--------+--------+-----+--------+

Top non-repeatable levels by time:
     D:6: 1794 daAuts
     D:4: 1466 daAuts
     D:5: 1263 daAuts
     D:7: 1256 daAuts
     D:1: 1065 daAuts
     D:8: 964 daAuts
     D:2: 928 daAuts
     D:3: 840 daAuts
     D:9: 203 daAuts
  Temple: 1 daAuts
